 Dungeon Crawl Stone Soup version 0.19.1 (webtiles) character file.

102 Patate the Sneak (level 4, -7/21 HPs)
             Began as a Spriggan Enchanter on Dec 4, 2016.
             Killed by divine providence
             ... invoked by an orc priest
              (15 damage)
             ... on level 3 of the Dungeon.
             The game lasted 00:09:26 (2848 turns).

Patate the Sneak (Spriggan Enchanter)               Turns: 2848, Time: 00:09:26

Health: -7/21      AC:  4    Str:  5    XL:     4   Next: 49%
Magic:  5/9        EV: 21    Int: 16    God:
Gold:   52         SH:  0    Dex: 16    Spells: 2 memorised, 5 levels left

rFire  . . .     SeeInvis +     f - +3 dagger (venom)
rCold  . . .     Gourm    .     b - +2 robe
rNeg   . . .     Faith    .     (shield restricted)
rPois  .         Spirit   .     (helmet restricted)
rElec  .         Reflect  .     (no cloak)
rCorr  .         Harm     .     (gloves unavailable)
MR     .....                    (boots unavailable)
Stlth  +++.......               (no amulet)
                                (no ring)
                                (no ring)

@: very slightly contaminated, very quick
A: unfitting armour, see invisible, herbivore 3, speed 3, slow metabolism 2
a: no special abilities


You were on level 3 of the Dungeon.
You were hungry.

You visited 1 branch of the dungeon, and saw 3 of its levels.

You collected 52 gold pieces.

Inventory:

Hand Weapons
 f - a +3 dagger of venom (weapon)
Armour
 b - a +2 robe (worn)
Scrolls
 g - a scroll of identify
 h - a scroll of remove curse
Potions
 a - a potion of might
 e - a potion of magic
 i - a potion of cancellation {unknown}
Books
 c - a book of Maledictions

   Spells                             Type                      Level
   a - Corona                         Hexes                        1
   b - Ensorcelled Hibernation        Hexes/Ice                    2
   c - Confuse                        Hexes                        3
   d - Tukima's Dance                 Hexes                        3
   e - Dazzling Spray                 Conjuration/Hexes            3
Comestibles
 d - a bread ration


   Skills:
 - Level 1.1 Short Blades
 + Level 5.4 Dodging
 + Level 6.4 Stealth
 - Level 2.6 Spellcasting
 - Level 3.6 Hexes


You had 5 spell levels left.
You knew the following spells:

 Your Spells              Type           Power        Failure   Level  Hunger
a - Corona                Hex            ##.....      6%          1    #......
b - Ensorcelled Hibernat  Hex/Ice        #.....       17%         2    ##.....


Dungeon Overview and Level Annotations

Branches:
Dungeon (3/15)

Altars:
Gozag
Ru


Innate Abilities, Weirdness & Mutations

You are very small and have problems with some larger weapons.
You are too small for most types of armour.
You have supernaturally acute eyesight. (SInv)
You are a herbivore.
You cover ground extremely quickly.
You need consume almost no food.


Message History

Aiming: Ensorcelled Hibernation
Press: ? - help, Shift-Dir - straight line, f/p - orc priest
Aim: an orc priest, wielding a dagger (poisoned, chance to defeat MR: 38%)
You miscast Ensorcelled Hibernation.
You are very lightly contaminated with residual magic.
Nothing appears to happen.
The orc priest hits you with a dagger.
You hit the orc priest.
The orc priest looks as sick as possible!
The orc priest is moderately wounded.
The orc priest calls down the wrath of Beogh upon you.
Beogh smites you!
Ouch! That really hurt!
You hit the orc priest.
The orc priest looks as sick as possible!
The orc priest is heavily wounded.
The orc priest closely misses you.
The orc priest mumbles some strange prayers to Beogh against you.
Beogh smites you!
Ouch! That really hurt!
You die...

....# .....# ......#
.......## ....>...#
%"......# ........#
........##############
............w.o.@....#
........###########.##
........# #.#
........# #.#
........# #.#
........# #.#
........# #.# .......
#.# #.#


You could see a worm and an orc priest.

Vanquished Creatures
  4 gnolls (D:2)
  An adder (D:2)
  4 worms (D:2)
  A dart slug (D:1)
  An orc (D:2)
  5 bats
  2 giant cockroaches
  3 hobgoblins (D:1)
  2 jackals (D:1)
  4 frilled lizards
  3 goblins
  8 kobolds
  3 rats (D:1)
41 creatures vanquished.

Notes
Turn   | Place    | Note
-------+----------+-------------------------------------------
     0 | D:1      | Patate the Spriggan Enchanter began the quest for the Orb.
     0 | D:1      | Reached XP level 1. HP: 9/9 MP: 5/5
   177 | D:1      | Reached skill level 5 in Stealth
   177 | D:1      | Reached XP level 2. HP: 12/13 MP: 4/6
   634 | D:1      | Learned a level 2 spell: Ensorcelled Hibernation
   895 | D:2      | Reached XP level 3. HP: 9/16 MP: 5/8
  1076 | D:2      | Reached skill level 6 in Stealth
  1581 | D:2      | Reached skill level 5 in Dodging
  1581 | D:2      | Reached XP level 4. HP: 21/21 MP: 6/9
  1880 | D:2      | Found an opulent altar of Gozag.
  2137 | D:2      | Found a sacrificial altar of Ru.
  2848 | D:3      | Killed from afar by an orc priest

Skill      XL: |  1  2  3 |
---------------+----------+-----
Stealth        | 5 6 |  6.4
Dodging        | 4 5 |  5.4
Short Blades   | |  1.1
Spellcasting   | |  2.6
Hexes          | |  3.6

Action                   |  1- 3 |  4- 6 || total
-------------------------+-------+-------++-------
Melee: Dagger            |    67 |    44 ||   111
 Cast: Corona            |     1 |       ||     1
       Ensorcelled Hiber |     7 |     8 ||    15
  Use: Scroll            |     6 |     3 ||     9
 Stab: Sleeping          |     8 |     9 ||    17
Armor: Robe              |    16 |     2 ||    18
Dodge: Dodged            |    50 |    31 ||    81
